 Dungeon Crawl Stone Soup version 0.30.0-30-g96aa6591b8 (webtiles) character file.

Game seed: 5219954374561407016

345 Dordric the Slasher (level 6, -10/43 HPs)
             Began as a Djinni Warper on June 29, 2023.
             Mangled by Crazy Yiuf
             ... wielding a +2 quarterstaff of chaos
              (18 damage)
             ... on level 3 of the Dungeon.
             The game lasted 00:05:58 (3271 turns).

Dordric the Slasher (Djinni Warper)                 Turns: 3271, Time: 00:05:59

Health: -10/43     AC: 12    Str: 10    XL:     6   Next: 89%
Gold:   200        EV: 10    Int: 18    God:
                   SH:  0    Dex: 15

rFire   + + .        a - +0 falchion
rCold   x . .        (no shield)
rNeg    . . .        r - +3 ring mail of Ujirroal {Int+4}
rPois   ∞            (no helmet)
rElec   .            h - +1 cloak
rCorr   +            e - +1 pair of gloves
SInv    .            (boots unavailable)
Will    .....        (no amulet)
Stlth   +            v - ring of resist corrosion
HPRegen 0.27/turn    (no ring)
MPRegen 0.00/turn

%: infuse magic (-11 HP)
@: flying
A: sickness immunity, fire resistance 2, cold vulnerability 1, float, innate
caster, HP casting, extra vitality 1
a: no special abilities


You were on level 3 of the Dungeon.
You visited 1 branch of the dungeon, and saw 3 of its levels.

You collected 200 gold pieces.

Inventory:

Hand Weapons
 a - a +0 falchion (weapon)
Missiles
 d - 7 boomerangs of dispersal (quivered)
 s - 2 boomerangs
Armour
 b - a +0 leather armour
 e - a +1 pair of gloves (worn)
 h - a +1 cloak (worn)
 m - a +0 scale mail
 r - the +3 ring mail of Ujirroal (worn) {Int+4}
   (You found it on level 2 of the Dungeon)

   Int:       It affects your intelligence (+4).
Jewellery
 v - a ring of resist corrosion (left hand)
Wands
 c - a wand of flame (8)
Scrolls
 i - 2 scrolls of fog
 n - 2 scrolls of poison
 o - a scroll of torment
 p - a scroll of summoning {unknown}
 q - a scroll of magic mapping {unknown}
 x - a scroll of acquirement {unknown}
 y - a scroll of immolation {unknown}
Potions
 f - a potion of curing
 j - 3 potions of heal wounds {unknown}
 k - a potion of mutation {unknown}
 l - a potion of invisibility {unknown}
 t - a potion of haste {unknown}
 u - a potion of brilliance {unknown}
 w - a potion of lignification {unknown}


   Skills:
 - Level 2.0 Fighting
 + Level 6.2 Long Blades
 - Level 0.7 Throwing
 - Level 1.0 Armour
 - Level 2.1 Dodging
 - Level 2.4 Spellcasting


You knew the following spells:

 Your Spells              Type           Power      Damage    Failure   Level
a - Blink                 Tloc           20%        N/A       24%         2
b - Lesser Beckoning      Tloc           20%        N/A       24%         2
c - Vhi's Electric Charg  Tloc/Air       20%        N/A       43%         3
d - Teleport Other        Tloc           10%        N/A       43%         3
e - Manifold Assault      Tloc           10%        N/A       85%         4
f - Summon Small Mammal   Summ           40%        N/A       16%         1
g - Passwall              Tmut/Erth      8%         N/A       24%         2
Your spell library was empty.

Dungeon Overview and Level Annotations

Branches:
Dungeon (3/15)

Altars:
Wu Jian
Xom

Shops:
D:3 [

Annotations:
D:3 Crazy Yiuf


Innate Abilities, Weirdness & Mutations

You are immune to sickness and miasma.
You are immune to poison.
Your flesh is very heat resistant. (rF++)
You are vulnerable to cold. (rC-)
You float through the air rather than walking.
You learn spells naturally, not from books.
Your magical power is your life essence.
You have superior vitality. (+4 MHP)


Message History

Crazy Yiuf hits you but does no damage.
You slash Crazy Yiuf!
Crazy Yiuf is heavily wounded.
Crazy Yiuf cries, "Rot!"
Crazy Yiuf hits you with a +2 quarterstaff of chaos.
You barely miss Crazy Yiuf.
Crazy Yiuf is heavily wounded.
Crazy Yiuf hits you but does no damage.
You barely miss Crazy Yiuf.
Crazy Yiuf is heavily wounded.
Crazy Yiuf hits you with a +2 quarterstaff of chaos!
You are electrocuted!
You are too injured to fight recklessly!
You are too injured to fight recklessly!
You are too injured to fight recklessly!
You are too injured to fight recklessly!
You are too injured to fight recklessly!
You are too injured to fight recklessly!
You are too injured to fight recklessly!
You are too injured to fight recklessly!
You are too injured to fight recklessly!
You are too injured to fight recklessly!
You are too injured to fight recklessly!
You are too injured to fight recklessly!
You are too injured to fight recklessly!
You are too injured to fight recklessly!
You are too injured to fight recklessly!
You hit Crazy Yiuf but do no damage.
Crazy Yiuf is heavily wounded.
Crazy Yiuf hits you with a +2 quarterstaff of chaos.
* * * LOW HITPOINT WARNING * * *
You closely miss Crazy Yiuf.
Crazy Yiuf is heavily wounded.
Crazy Yiuf barely misses you.
You hit Crazy Yiuf.
Crazy Yiuf is severely wounded.
Crazy Yiuf hits you with a +2 quarterstaff of chaos.
* * * LOW HITPOINT WARNING * * *
You are electrocuted!!
You die...

#####.###.#..###......)# ###.....
[..........8.8######.#.## ######
....######..∩..#.....#..## ...##
##8.8.#.###..#..#
##.#########...#.#....##.####
.###.....# ###.#.#..........###
..##.....#####...#.#.#..###..^###
..##......[....g................#
.###.......###.#@.....#.........#
## #.......##..#.....#####.##...#
####....##.##...)............#
#.....###...........##.#....#
#.########...##..#..##.#.#.>#
#.......##.......#..........#
#######.##....##.#..#........
#.##..################.
#######.##..# #.


You could see Crazy Yiuf.

Vanquished Creatures
  Grinder (D:3)
  Natasha (thrice) (D:3)
  An adder (D:3)
  2 dart slugs
  A worm (D:2)
  3 orcs
  5 endoplasms
  3 giant cockroaches
  5 goblins
  5 hobgoblins
  9 jackals
  5 quokkas
  7 ball pythons
  3 bats
  A frilled lizard (D:2)
  A kobold (D:3)
  7 rats
62 creatures vanquished.

Notes
Turn   | Place    | Note
-------+----------+-------------------------------------------
     0 | D:1      | Dordric the Djinni Warper began the quest for the Orb.
     0 | D:1      | Dordric set off with the following spells memorised: Blink,
                  | Lesser Beckoning, Vhi's Electric Charge, Teleport Other,
                  | Manifold Assault.
     0 | D:1      | Reached XP level 1. HP: 18/18 MP: 0/0
    65 | D:1      | Reached skill level 2 in Long Blades
   146 | D:1      | Reached XP level 2. HP: 21/23 MP: 0/0
   258 | D:1      | Reached XP level 3. HP: 28/28 MP: 0/0
   258 | D:1      | Learned a level 1 spell: Summon Small Mammal
   259 | D:1      | Reached skill level 3 in Long Blades
   908 | D:2      | Found an ornate altar of the Wu Jian Council.
   949 | D:2      | Identified the +3 ring mail of Ujirroal {Int+4}
  1303 | D:2      | Reached XP level 4. HP: 33/33 MP: 0/0
  1868 | D:3      | Reached skill level 4 in Long Blades
  1900 | D:3      | Noticed Natasha
  1912 | D:3      | Killed Natasha
  1913 | D:3      | Reached XP level 5. HP: 19/38 MP: 0/0
  1913 | D:3      | Learned a level 2 spell: Passwall
  2030 | D:3      | Noticed Natasha
  2040 | D:3      | Killed Natasha
  2048 | D:3      | Noticed Natasha
  2106 | D:3      | Killed Natasha
  2342 | D:3      | Found a shimmering altar of Xom.
  2391 | D:3      | Found Fimor's Armour Shop.
  2398 | D:3      | Noticed Grinder
  2559 | D:3      | Killed Grinder
  2560 | D:3      | Reached skill level 6 in Long Blades
  2560 | D:3      | Reached XP level 6. HP: 35/43 MP: 0/0
  2685 | D:3      | Found a runed translucent door.
  2686 | D:3      | Noticed Crazy Yiuf
  3271 | D:3      | Mangled by Crazy Yiuf

Illustrated notes

Levels and vault maps discovered:
D:1:      amcnicky_arrival_single_pillar, layout_rooms
D:2:      layout_basic, basic_altar, amcnicky_mini_rare_corridor_liquid,
          st_stairs_3
D:3:      layout_basic, mainiacjoe_overflow_alcove_2, serial_shops,
          nicolae_shop_tiny_statue_garden, minmay_misc_feat_columns,
          minmay_puff, uniq_natasha, uniq_crazy_yiuf_cottage, uniq_grinder

Skill      XL: |  1  2  3  4  5 |
---------------+----------------+-----
Long Blades    | 2 3 4 6 |  6.2
Fighting       | |  2.0
Throwing       | |  0.7
Armour         | |  1.0
Dodging        | |  2.1
Spellcasting   | |  2.4

Action                     |  1- 3 |  4- 6 || total
---------------------------+-------+-------++-------
  Melee: Falchion          |   117 |   135 ||   252
   Cast: Summon Small Mamm |       |     1 ||     1
         Blink             |       |     1 ||     1
    Use: Scroll            |       |     4 ||     4
 Armour: Leather armour    |    36 |       ||    36
         Scale mail        |    16 |    12 ||    28
         Ring mail         |       |    60 ||    60
  Dodge: Dodged            |    79 |    89 ||   168
